 Dungeon Crawl Stone Soup version 0.20.1-1-g8b1a95d (webtiles) character file.

54 Ymberti the Magician (level 3, -7/19 HPs)
             Began as a Deep Elf Wizard on Oct 12, 2017.
             Mangled by a gnoll
             ... wielding a +0 halberd
              (16 damage)
             ... on level 2 of the Dungeon.
             The game lasted 00:04:18 (1694 turns).

Ymberti the Magician (Deep Elf Wizard)              Turns: 1694, Time: 00:04:20

Health: -7/19      AC:  2    Str:  4    XL:     3   Next: 66%
Magic:  12/12      EV: 13    Int: 23    God:
Gold:   45         SH:  0    Dex: 13    Spells: 12/13 levels left

rFire    . . .     SeeInvis .   (no weapon)
rCold    . . .     Gourm    .   (no shield)
rNeg     . . .     Faith    .   a - +0 robe
rPois    .         Spirit   .   b - +0 hat
rElec    .         Reflect  .   (no cloak)
rCorr    .         Harm     .   (no gloves)
MR       .....                  (no boots)
Stlth    ++........             (no amulet)
Regen    0.1/turn               (no ring)
MPRegen  0.2/turn               (no ring)

@: no status effects
A: no striking features
a: no special abilities


You were on level 2 of the Dungeon.
You were not hungry.

You visited 1 branch of the dungeon, and saw 2 of its levels.

You collected 45 gold pieces.

Inventory:

Armour
 a - a +0 robe (worn)
 b - a +0 hat (worn)
Scrolls
 e - 2 scrolls of amnesia {unknown}
 f - 2 scrolls of magic mapping {unknown}
 h - 5 scrolls of remove curse {unknown}
 i - 4 scrolls of identify {unknown}
 j - a scroll of noise {unknown}
Potions
 g - a potion of berserk rage {unknown}
 k - a potion of agility {unknown}
 m - a potion of lignification {unknown}
Books
 c - a book of Minor Magic

   Spells                             Type                      Level
   a - Magic Dart                     Conjuration                  1
   b - Blink                          Translocation                2
   c - Call Imp                       Summoning                    2
   d - Slow                           Hexes                        2
   e - Conjure Flame                  Conjuration/Fire             3
   f - Mephitic Cloud                 Conjuration/Poison/Air       3
Comestibles
 d - 2 fruits
 l - a meat ration


   Skills:
 + Level 2.6 Dodging
 + Level 2.6 Stealth
 + Level 0.2 Unarmed Combat
 + Level 5.8 Spellcasting
 * Level 1.9 Conjurations
   Level 1.1 Summonings
   Level 1.1 Translocations


You had 12 spell levels left.
You knew the following spells:

 Your Spells              Type           Power        Failure   Level  Hunger
a - Magic Dart            Conj           ###.         4%          1    None


Dungeon Overview and Level Annotations

Branches:
Dungeon (2/15)

Altars:


Message History

Casting: Magic Dart
Confirm with . or Enter, or press ? or * to list all spells.
Aiming: Magic Dart
Press: ? - help, Shift-Dir - straight line, f/p - gnoll
Aim: a gnoll, wielding a whip of flaming (severely wounded)
The magic dart hits the gnoll.
The gnoll is almost dead.
The gnoll hits you but does no damage.
Casting: Magic Dart
Confirm with . or Enter, or press ? or * to list all spells.
Aiming: Magic Dart
Press: ? - help, Shift-Dir - straight line, f/p - gnoll
Aim: a gnoll, wielding a whip of flaming (almost dead)
The magic dart hits the gnoll.
You kill the gnoll!
You see here a whip of flaming.
Your magical contamination has completely faded away.
The gnoll hits you from afar with a halberd!
Ouch! That really hurt!
You die...

#....##......###..#........#
# ##.##).#.....##
#.##........# #
#..###.#.....# #.###########
####.## #.#....#####.#
.....####.#.(.)......## #
............#....>...>#..
##...####......g.........
##....###...##...........
#..#...###......@..).....
..###...##...............
..####.)##..##............
..........................
..........................
l..###....................
g...##.#..................
g†.....#...............#.
.##...##...............#


You could see a gnoll.

Vanquished Creatures
  2 gnolls (D:2)
  An adder (D:2)
  A worm (D:2)
  A leopard gecko (D:2)
  A giant cockroach (D:1)
  5 goblins
  A hobgoblin (D:1)
  A bat (D:1)
  3 frilled lizards
  5 kobolds
  4 rats (D:1)
25 creatures vanquished.

Notes
Turn   | Place    | Note
-------+----------+-------------------------------------------
     0 | D:1      | Ymberti the Deep Elf Wizard began the quest for the Orb.
     0 | D:1      | Reached XP level 1. HP: 10/10 MP: 7/7
   318 | D:1      | Reached skill level 5 in Spellcasting
   426 | D:1      | Reached XP level 2. HP: 15/15 MP: 7/10
  1191 | D:2      | Reached XP level 3. HP: 17/19 MP: 7/12
  1694 | D:2      | Mangled by a gnoll

Skill      XL: |  1 |
---------------+----+-----
Spellcasting   | 5 |  5.8
Dodging        | |  2.6
Stealth        | |  2.6
Unarmed Combat | |  0.2
Conjurations   | |  1.9
Summonings     | |  1.1
Translocations | |  1.1

Action                   || total
-------------------------++-------
Melee: Unarmed           ||     6
 Cast: Magic Dart        ||    77
  Eat: Bread ration      ||     1
Armor: Robe              ||     5
Dodge: Dodged            ||    17
